 Dungeon Crawl Stone Soup version 0.25-a0-464-g3004169 (webtiles) character file.

Game seed: 872053439799716300, levelgen mode: deterministic

39 15 the Firebug (level 3, -2/19 HPs)
             Began as a Tengu Fire Elementalist on Feb 4, 2020.
             Slain by Sigmund
             ... wielding a +0 scythe
              (5 damage)
             ... on level 2 of the Dungeon.
             The game lasted 00:04:36 (995 turns).

15 the Firebug (Tengu Fire Elementalist)             Turns: 995, Time: 00:04:37

Health: -2/19      AC:  2    Str: 14    XL:     3   Next: 45%
Magic:  7/8        EV: 13    Int: 15    God:
Gold:   65         SH:  0    Dex: 14    Spells: 3/7 levels left

rFire    . . .     SeeInvis .   g - +1 dagger (vamp)
rCold    . . .     Gourm    .   (no shield)
rNeg     . . .     Faith    .   a - +0 robe
rPois    .         Spirit   .   (helmet restricted)
rElec    .         Reflect  .   (no cloak)
rCorr    .         Harm     .   (no gloves)
MR       .....                  (boots unavailable)
Stlth    ++........             f - amulet of inaccuracy (curse)
HPRegen  0.06/turn              (no ring)
MPRegen  0.11/turn              (no ring)

@: mighty
A: beak, talons 3
a: no special abilities


You were on level 2 of the Dungeon.
You were not hungry.

You visited 1 branch of the dungeon, and saw 2 of its levels.

You collected 65 gold pieces.

Inventory:

Hand Weapons
 e - a +0 dagger
 g - a +1 vampiric dagger (weapon)
Missiles
 d - 55 stones (quivered)
Armour
 a - a +0 robe (worn)
Jewellery
 f - a cursed amulet of inaccuracy (around neck)
Scrolls
 j - a scroll of remove curse {unknown}
Potions
 h - a potion of curing
Comestibles
 c - 2 rations
 i - 3 chunks of flesh


   Skills:
 * Level 0.4 Armour
 * Level 2.3 Dodging
 + Level 2.0 Stealth
 * Level 2.7 Spellcasting
 * Level 1.8 Conjurations
 + Level 3.8 Fire Magic


You had 3 spell levels left.
You knew the following spells:

 Your Spells              Type           Power        Failure   Level  Hunger
a - Foxfire               Conj/Fire      ##..         6%          1    #......
b - Conjure Flame         Conj/Fire      ##......     19%         3    ###....

Your spell library contained the following spells:

 Spells                   Type           Power        Failure   Level  Hunger
 Inner Flame              Hex/Fire       #.......     28%         3    ###....
 Sticky Flame             Conj/Fire      ##......     54%         4    #####..
 Fireball                 Conj/Fire      ##........   87%         5    ######.


Dungeon Overview and Level Annotations

Branches:
Dungeon (2/15)

Altars:
Ashenzari
Hepliaklqana
Xom

Annotations:
D:2 Sigmund


Innate Abilities, Weirdness & Mutations

You have a beak for a mouth.
You have claws for feet.


Message History

Found a buckler.
It was a potion of might.
You feel very mighty all of a sudden. The leopard gecko barely misses you.
Sigmund misses you.
Found 29 arrows.
There is an open door here.
You puncture Sigmund! You claw Sigmund!
Sigmund is heavily wounded.
The leopard gecko bites you. The leopard gecko barely misses you.
Sigmund hits you with a +0 scythe!
Ouch! That really hurt!
You closely miss Sigmund. Your kick misses Sigmund. Your peck misses Sigmund.
Sigmund is heavily wounded.
The leopard gecko closely misses you.
You puncture Sigmund! You claw Sigmund.
Sigmund is almost dead.
The leopard gecko bites you.
* * * LOW HITPOINT WARNING * * *
Sigmund hits you with a +0 scythe.
You die...

..... ......#######
..... ..........(.[#
...... ..............#
...... ..............#
#...... ..............#
.......
..............###@.....(
.......#.#....'.@g......
........_÷....###l......
####...#.#....## .[.##..
.###.....####..# ##.#
#§##....## ##.# .#
##Z####.# #.# #
#b##....# #.# ######..#
#.# ######..######.#


You could see Sigmund, a leopard gecko and a hobgoblin.

Vanquished Creatures
  2 dart slugs (D:1)
  A leopard gecko (D:1)
  4 bats (D:1)
  A giant cockroach (D:1)
  3 hobgoblins (D:1)
  2 jackals (D:1)
  4 kobolds (D:1)
  4 frilled lizards
  6 goblins
  3 rats (D:1)
30 creatures vanquished.

Vanquished Creatures (others)
  41 foxfires
41 creatures vanquished.

Grand Total: 71 creatures vanquished

Notes
Turn   | Place    | Note
-------+----------+-------------------------------------------
     0 | D:1      | 15 the Tengu Fire Elementalist began the quest for the Orb.
     0 | D:1      | Reached XP level 1. HP: 10/10 MP: 4/4
   130 | D:1      | Reached XP level 2. HP: 8/15 MP: 1/6
   524 | D:1      | Reached XP level 3. HP: 19/19 MP: 8/8
   673 | D:1      | Learned a level 3 spell: Conjure Flame
   931 | D:2      | Found a shimmering altar of Xom.
   933 | D:2      | Found a hazy altar of Hepliaklqana.
   933 | D:2      | Noticed a caustic shrike
   934 | D:2      | Noticed a caustic shrike
   934 | D:2      | Noticed a spectral ugly thing
   961 | D:2      | Found a shattered altar of Ashenzari.
   990 | D:2      | Noticed Sigmund
   995 | D:2      | Slain by Sigmund

Levels and vault maps discovered:
D:1:      eino_arrival_water_cross, layout_loops_corners
D:2:      layout_basic, regret_index_temple_of_mockery, ashenzari_altar_1,
          nicolae_dithmenos_shadow_blocks, uniq_jessica, uniq_sigmund,
          uniq_natasha

Action                   || total
-------------------------++-------
Melee: Dagger            ||    48
       Kick              ||    11
       Peck              ||     8
 Cast: Foxfire           ||    38
  Use: Scroll            ||     4
       Potion            ||     1
 Stab: Sleeping          ||     2
  Eat: Chunk             ||     1
Armor: Robe              ||    10
Dodge: Dodged            ||    42

Table legend:
 A = Non-vault XP
 B = Vault XP
 C = Vault XP percentage of total XP
 D = Non-vault monster count
 E = Vault monster count
 F = Vault count percentage of total count
                 A         B        C        D         E       F
            +---------+---------+-------+---------+---------+-------
      Total |      56 |       0 |   0.0 |      30 |       0 |   0.0
            +---------+---------+-------+---------+---------+-------
        D:1 |      53 |       0 |   0.0 |      28 |       0 |   0.0
        D:2 |       3 |       0 |   0.0 |       2 |       0 |   0.0
            +---------+---------+-------+---------+---------+-------
